 Dungeon Crawl Stone Soup version 0.29.1-13-g9f3cf754e1 (webtiles) character file.

Game seed: 2144547682505576476

163 croobank the Charlatan (level 5, -2/37 HPs)
             Began as a Gnoll Wanderer on Jan 30, 2023.
             Slain by an orc
             ... wielding a +0 hand axe
              (3 damage)
             ... on level 5 of the Dungeon.
             The game lasted 00:09:36 (4113 turns).

croobank the Charlatan (Gnoll Wanderer)             Turns: 4113, Time: 00:09:37

Health: -2/37      AC:  3    Str: 11    XL:     5   Next: 44%
Magic:  3/9        EV: 11    Int: 12    God:
Gold:   202        SH:  4    Dex: 13    Spells: 6/10 levels left

rFire   . . .      SeeInvis .   a - +0 spear
rCold   . . .      Faith    .   b - +0 buckler
rNeg    . . .      Spirit   .   d - +0 robe
rPois   .          Reflect  .   (no helmet)
rElec   .          Harm     .   (no cloak)
rCorr   +          Rampage  .   w - +0 pair of gloves
Will    .....                   (no boots)
Stlth   ++........              (no amulet)
HPRegen 0.12/turn               r - ring of resist corrosion
MPRegen 0.11/turn               (no ring)

@: lethally poisoned (-2 -> -6)
A: fangs 1, strong nose, distributed training
a: no special abilities


You were on level 5 of the Dungeon.
You visited 1 branch of the dungeon, and saw 5 of its levels.

You collected 202 gold pieces.

Inventory:

Hand Weapons
 a - a +0 spear (weapon)
 g - a +0 sling
 i - a +0 dagger
Missiles
 l - 5 poisoned darts (quivered)
Armour
 b - a +0 buckler (worn)
 d - a +0 robe (worn)
 u - a +0 ring mail
 w - a +0 pair of gloves (worn)
Magical Staves
 x - a staff of earth
Jewellery
 r - a ring of resist corrosion (left hand)
 y - a ring of magical power
 D - a ring of positive energy
Wands
 z - a wand of iceblast (8)
 B - a wand of acid (10)
Scrolls
 e - 2 scrolls of teleportation
 j - a scroll of amnesia {unknown}
 k - 2 scrolls of enchant armour {unknown}
 m - a scroll of enchant weapon {unknown}
 o - 7 scrolls of identify {unknown}
 p - a scroll of blinking {unknown}
 s - a scroll of vulnerability {unknown}
 C - a scroll of noise {unknown}
Potions
 c - 4 potions of heal wounds
 f - a potion of mutation {unknown}
 h - 3 potions of curing {unknown}
 n - 2 potions of flight {unknown}
 q - a potion of lignification {unknown}
 t - a potion of haste {unknown}
 v - 2 potions of attraction {unknown}
 A - 2 potions of resistance {unknown}


   Skills:
 + Level 1.5 Fighting
 + Level 1.5 Short Blades
 + Level 1.5 Long Blades
 + Level 1.5 Axes
 + Level 1.5 Maces & Flails
 + Level 4.8 Polearms
 + Level 1.5 Staves
 + Level 1.5 Ranged Weapons
 + Level 1.5 Throwing
 + Level 4.8 Armour
 + Level 1.5 Dodging
 + Level 1.5 Stealth
 + Level 3.0 Shields
 + Level 1.5 Unarmed Combat
 + Level 3.2 Spellcasting
 + Level 4.0 Conjurations
 + Level 1.2 Hexes
 + Level 1.2 Summonings
 + Level 1.2 Necromancy
 + Level 1.2 Translocations
 + Level 1.2 Transmutations
 + Level 1.2 Fire Magic
 + Level 1.2 Ice Magic
 + Level 1.2 Air Magic
 + Level 1.2 Earth Magic
 + Level 1.2 Poison Magic
 + Level 1.7 Invocations
 + Level 4.8 Evocations


You had 6 spell levels left.
You knew the following spells:

 Your Spells              Type           Power      Damage    Failure   Level
a - Foxfire               Conj/Fire      32%        2x1d5     11%         1
b - Summon Guardian Gole  Hex/Summ       4%         N/A       50%         3

Your spell library contained the following spells:

 Spells                   Type           Power      Damage    Failure   Level
 Magic Dart               Conj           44%        1d5       6%          1
 Ensorcelled Hibernation  Hex/Ice        8%         N/A       28%         2
 Passwall                 Tmut/Erth      3%         N/A       28%         2
 Swiftness                Air            4%         N/A       50%         3
 Sticky Flame             Conj/Fire      8%         2d3       71%         4
 Anguish                  Hex/Necr       2%         N/A       88%         4
 Enfeeble                 Hex            2%         N/A       100%        7
 Orb of Destruction       Conj           5%         9d5       100%        7
 Spellforged Servitor     Conj/Summ      4%         N/A       100%        7


Dungeon Overview and Level Annotations

Branches:
Dungeon (5/15)
 Temple: D:4-7

Altars:
Nemelex Xobeh

Annotations:
D:3 2 transporters, Thatpatchoflichen's ghost, amateur HOGl


Innate Abilities, Weirdness & Mutations

You have very sharp teeth.
Your uncanny sense of smell can sniff out nearby items.
Your experience applies equally to all skills.


Message History

You feel very sick. You block the orc's attack.
Casting: Foxfire (safe; 11% risk of failure)
Confirm with . or Enter, or press ? or * to list all spells.
You conjure some foxfire!
You feel very sick. The orc misses you.
You closely miss the orc. Your bite misses the orc.
You feel sick.
The foxfire hits the orc.
The orc is moderately wounded.
The foxfire hits the orc but does no damage.
The orc is moderately wounded.
Casting: Foxfire (safe; 11% risk of failure)
Confirm with . or Enter, or press ? or * to list all spells.
You conjure some foxfire!
You feel sick. The orc barely misses you.
You hit the orc. Your bite misses the orc.
The orc is heavily wounded.
You feel sick.
The foxfire hits the orc.
The orc is lightly wounded.
The foxfire hits the orc.
The orc is severely wounded.
An orc comes into view. It is wielding a +0 dagger.
An orc comes into view. It is wielding a +0 club.
You block the orc's attack.
Casting: Foxfire (safe; 11% risk of failure)
Confirm with . or Enter, or press ? or * to list all spells.
You conjure some foxfire!
The orc shouts! x2
You feel sick. The orc barely misses you. The orc hits you with a +0 hand axe.
* * * LOW HITPOINT WARNING * * *
The orc barely misses your foxfire.
You hit the orc. Your bite misses the orc.
The orc is almost dead.
* * * LOW HITPOINT WARNING * * *
You feel sick.
The foxfire hits the orc.
The orc is heavily wounded.
The foxfire hits the orc.
The orc is severely wounded.
The orc hits you with a +0 hand axe.
You die...

..........# ..
..........## . #
.#....#.#..#.# #..
......#.#..#.#....
...........o.....
###########.......#.#
#........##.......o.#
#........##..o...##.....
#........##§@o...# ##.#
.#........##§.....##. #
..........##..........
..........##..........
.........)##.......#.#
.......))..............
......##......##..##.##
...... ######....## .#
..... #>.....


You could see 4 orcs.

Vanquished Creatures
  An orc priest (D:5)
  An iguana (D:4)
  2 adders (D:3)
  3 gnolls (D:4)
  2 worms
  A dart slug (D:1)
  2 orcs (D:5)
  5 ball pythons
  6 endoplasms
  2 giant cockroaches (D:1)
  3 hobgoblins
  3 quokkas
  6 bats
  3 frilled lizards
  6 goblins
  3 kobolds
  3 rats
52 creatures vanquished.

Vanquished Creatures (others)
  185 foxfires
185 creatures vanquished.

Grand Total: 237 creatures vanquished

Notes
Turn   | Place    | Note
-------+----------+-------------------------------------------
     0 | D:1      | croobank the Gnoll Wanderer began the quest for the Orb.
     0 | D:1      | croobank set off with the following items: a +0 spear, a +0
                  | buckler, a potion of heal wounds, a +0 robe; and the
                  | following spells available to memorise: Magic Dart,
                  | Foxfire, Sticky Flame.
     0 | D:1      | Reached XP level 1. HP: 13/13 MP: 4/4
    34 | D:1      | Learned a level 1 spell: Foxfire
   360 | D:1      | Reached XP level 2. HP: 19/19 MP: 2/5
  1381 | D:2      | Reached XP level 3. HP: 25/25 MP: 4/7
  1725 | D:2      | Reached skill level 1 in Invocations
  1835 | D:2      | You fall into a shaft and drop 2 floors!
  1967 | D:3      | Reached skill level 1 in Fighting
  1967 | D:3      | Reached skill level 1 in Short Blades
  1967 | D:3      | Reached skill level 1 in Long Blades
  1967 | D:3      | Reached skill level 1 in Axes
  1967 | D:3      | Reached skill level 1 in Maces & Flails
  1967 | D:3      | Reached skill level 1 in Staves
  1967 | D:3      | Reached skill level 1 in Ranged Weapons
  1967 | D:3      | Reached skill level 1 in Throwing
  1967 | D:3      | Reached skill level 1 in Dodging
  1967 | D:3      | Reached skill level 1 in Stealth
  1967 | D:3      | Reached skill level 1 in Unarmed Combat
  2200 | D:3      | Found a transporter.
  2210 | D:3      | Noticed Thatpatchoflichen's ghost (amateur HOGl)
  2215 | D:3      | Found a transporter.
  2407 | D:3      | Found a faded altar of an unknown god.
  2416 | D:3      | Learned a level 3 spell: Summon Guardian Golem
  2524 | D:3      | Reached XP level 4. HP: 32/32 MP: 4/8
  2655 | D:3      | Found a sparkling altar of Nemelex Xobeh.
  2954 | D:4      | Reached skill level 1 in Hexes
  2954 | D:4      | Reached skill level 1 in Summonings
  2954 | D:4      | Reached skill level 1 in Necromancy
  2954 | D:4      | Reached skill level 1 in Translocations
  2954 | D:4      | Reached skill level 1 in Transmutations
  2954 | D:4      | Reached skill level 1 in Fire Magic
  2954 | D:4      | Reached skill level 1 in Ice Magic
  2954 | D:4      | Reached skill level 1 in Air Magic
  2954 | D:4      | Reached skill level 1 in Earth Magic
  2954 | D:4      | Reached skill level 1 in Poison Magic
  3326 | D:4      | Reached XP level 5. HP: 19/37 MP: 1/9
  3829 | D:5      | Entered Level 5 of the Dungeon
  4113 | D:5      | HP: 1/37 [poisoned by an orc]
  4113 | D:5      | Slain by an orc

Illustrated notes

Levels and vault maps discovered:
D:1:      tarquinn_simple_flora_water_e, layout_loops_corners
D:2:      minmay_wonky_spiral, layout_loops_ring
D:3:      layout_basic, nemelex_altar_shiori, basic_ecumenical_altar,
          gammafunk_ghost_arena
D:4:      layout_basic
D:5:      layout_basic, minmay_temple_entry_slanted, enter_ossuary_5,
          hangedman_decor_points, minmay_misc_feat_nine_boxes,
          serial_park_tiny_pond

Skill      XL: |  1  2  3  4  5 |
---------------+----------------+-----
Invocations    | 1 |  1.7
Fighting       | 1 |  1.5
Short Blades   | 1 |  1.5
Long Blades    | 1 |  1.5
Axes           | 1 |  1.5
Maces & Flails | 1 |  1.5
Staves         | 1 |  1.5
Ranged Weapons | 1 |  1.5
Throwing       | 1 |  1.5
Dodging        | 1 |  1.5
Stealth        | 1 |  1.5
Unarmed Combat | 1 |  1.5
Spellcasting   | 3 |  3.2
Hexes          | 1 |  1.2
Summonings     | 1 |  1.2
Necromancy     | 1 |  1.2
Translocations | 1 |  1.2
Transmutations | 1 |  1.2
Fire Magic     | 1 |  1.2
Ice Magic      | 1 |  1.2
Air Magic      | 1 |  1.2
Earth Magic    | 1 |  1.2
Poison Magic   | 1 |  1.2
Shields        | 3 |  3.0
Conjurations   | 4 |  4.0
Polearms       | |  4.8
Armour         | |  4.8
Evocations     | |  4.8

Action                   |  1- 3 |  4- 6 || total
-------------------------+-------+-------++-------
Melee: Spear             |    46 |    31 ||    77
       Bite              |     3 |     6 ||     9
 Cast: Foxfire           |    67 |    43 ||   110
Evoke: Wand              |       |     2 ||     2
  Use: Scroll            |       |     1 ||     1
       Potion            |       |     1 ||     1
 Stab: Sleeping          |     4 |       ||     4
Armor: Robe              |     8 |     4 ||    12
Dodge: Dodged            |    23 |    18 ||    41
Block: Buckler           |     5 |     6 ||    11
